 Dungeon Crawl Stone Soup version 0.25.0-9-g26727b657a (webtiles) character file.

Game seed: 18241920019554314434

3961 tilp the Frost Mage (level 10, -15/53 HPs)
             Began as a Tengu Ice Elementalist on June 16, 2020.
             Was an Elder of Zin.
             Shot with an arrow by a centaur warrior (26 damage)
             ... on level 10 of the Dungeon.
             The game lasted 00:23:58 (10453 turns).

tilp the Frost Mage (Tengu Ice Elementalist)       Turns: 10453, Time: 00:23:59

Health: -15/53     AC:  7    Str:  8    XL:     10   Next: 22%
Magic:  8/17       EV: 18    Int: 19    God:    Zin [****..]
Gold:   428        SH:  0    Dex: 21    Spells: 2/17 levels left

rFire    + . .     SeeInvis .   b - +5 war axe
rCold    + . .     Gourm    .   (no shield)
rNeg     . . .     Faith    .   I - +2 robe {rC+ rF+}
rPois    .         Spirit   .   (helmet restricted)
rElec    .         Reflect  .   (no cloak)
rCorr    .         Harm     .   m - +2 pair of gloves
MR       +....                  (boots unavailable)
Stlth    +++.......             (no amulet)
HPRegen  0.17/turn              d - +6 ring of dexterity
MPRegen  0.15/turn              H - ring of protection from magic

@: flying quickly and evasively, starving, quick
A: beak, talons 3, able to fly
a: Stop Flying, Recite, Vitalisation, Imprison, Donate Gold, Renounce Religion


You were on level 10 of the Dungeon.
You worshipped Zin.
Zin was greatly pleased with you.
You were starving.

You visited 1 branch of the dungeon, and saw 10 of its levels.

You collected 475 gold pieces.
You donated 47 gold pieces to Zin.

Inventory:

Hand Weapons
 a - a +1 scimitar of flaming
 b - a +5 war axe (weapon)
 C - a +3 dagger
Missiles
 h - 42 poisoned darts (quivered)
 o - 2 throwing nets
 s - 2 silver javelins
 v - 6 curare-tipped darts
 y - 14 boomerangs
 E - 3 javelins
Armour
 m - a +2 pair of gloves (worn)
 I - a +2 robe of resistance (worn)
Jewellery
 d - a +6 ring of dexterity (left hand)
 p - an uncursed ring of protection from fire
 H - a ring of protection from magic (right hand)
 M - an uncursed ring of resist corrosion
Wands
 G - a wand of iceblast (19)
 L - a wand of digging (1)
Scrolls
 e - 4 scrolls of enchant armour
 i - a scroll of enchant weapon {unknown}
 j - a scroll of fog
 l - 7 scrolls of remove curse
 n - 2 scrolls of fear
 t - 3 scrolls of magic mapping
 w - 2 scrolls of amnesia
 x - a scroll of immolation
 A - a scroll of vulnerability {unknown}
 B - 4 scrolls of teleportation
 K - a scroll of blinking {unknown}
 N - a scroll of brand weapon {unknown}
Potions
 f - 3 potions of brilliance
 g - a potion of magic {unknown}
 k - a potion of mutation {unknown}
 q - 8 potions of curing
 r - a potion of flight {unknown}
 u - a potion of experience {unknown}
 z - a potion of heal wounds {unknown}
 D - a potion of resistance {unknown}
 F - a potion of degeneration {unknown}
 J - a potion of cancellation {unknown}
Comestibles
 c - 12 rations


   Skills:
 - Level 2.0 Fighting
 - Level 4.0 Dodging
 - Level 4.0 Stealth
 - Level 4.0 Spellcasting
 - Level 2.0 Conjurations
 - Level 2.0 Charms
 - Level 10.0 Ice Magic
 + Level 6.3 Invocations
 + Level 2.3 Evocations


You had 2 spell levels left.
You knew the following spells:

 Your Spells              Type           Power        Failure   Level  Hunger
a - Freeze                Ice            ####         1%          1    None
b - Frozen Ramparts       Ice            #####.       1%          3    ###....
c - Ozocubu's Armour      Chrm/Ice       ####....     3%          3    ###....
d - Summon Ice Beast      Ice/Summ       ###.....     17%         4    ####...
e - Hailstorm             Conj/Ice       ####....     12%         4    ####...

Your spell library contained the following spells:

 Spells                   Type           Power        Failure   Level  Hunger
 Magic Dart               Conj           ##..         6%          1    None
 Searing Ray              Conj           ##....       9%          2    ##.....
 Sandblast                Erth           #.....       14%         1    None
 Passwall                 Tmut/Erth      #.......     21%         2    ##.....
 Dazzling Flash           Conj/Hex       #.....       26%         3    ###....
 Stone Arrow              Conj/Erth      #.....       26%         3    ###....
 Fulminant Prism          Conj/Hex       #.........   65%         4    ####...
 Iskenderun's Mystic Bla  Conj/Tloc      #.......     65%         4    ####...
 Petrify                  Tmut/Erth      #.......     80%         4    ####...
 Lee's Rapid Deconstruct  Erth           #.........   98%         5    ######.


Dungeon Overview and Level Annotations

Branches:
Dungeon (10/15)            Temple (0/1) D:5
   Lair: D:8-11         Orc: D:9-12

Altars:
Cheibriados
Fedhas
Hepliaklqana
Kikubaaqudgha
Sif Muna
Trog
Uskayaw
Vehumet
Wu Jian
Xom
Zin

Annotations:
D:8 1 runed translucent door, Statics's ghost, novice OpFi
D:9 Psyche
D:10 Maggie


Innate Abilities, Weirdness & Mutations

You have a beak for a mouth.
You have claws for feet.
You can fly continuously.


Message History

The centaur warrior shoots an arrow.
The arrow closely misses you.
The centaur warrior shoots an arrow.
The arrow hits you!
You see here 2 arrows.
The centaur warrior shoots an arrow.
The arrow hits you!!
Things that are here:
3 arrows; a +0 dagger; a cursed +0 robe Evoke which item? (* to show all) (? for menu, Esc to quit)
Aiming: Iceblast
Press: ? - help, Shift-Dir - straight line, f - centaur warrior
Aim: a centaur warrior, wielding a +0 shortbow and quivering 9 arrows (moderately wounded)
The mass of ice explodes!
The iceblast engulfs the centaur warrior!
The centaur warrior is heavily wounded.
The iceblast engulfs the orc warrior!
The orc warrior is almost dead.
You hear a shout!
The centaur warrior shoots an arrow.
The arrow hits you!
* * * LOW HITPOINT WARNING * * *
The centaur warrior shoots an arrow.
The arrow hits you!!
You die...

####...######## ##.
............... #.##
####..########. #...
#..###### #..#
#.......# ##..#
##.####.... .c.
##...## # #.#
##.....###########.#
#.........(...(@(co#
##.!...#############
##...## ##.## ###


You could see a centaur warrior and an orc warrior.

Vanquished Creatures
  Erica (D:9)
  A troll (D:10)
  A hippogriff (D:10)
  A wyvern (D:8)
  A hungry ghost (D:7)
  A sky beast (D:7)
  2 black bears
  2 orc warriors
  An ice beast (D:8)
  3 ogres
  3 centaurs
  A big kobold (D:9)
  4 bullfrogs
  A scorpion (D:8)
  8 killer bees
  2 centaur zombies
  2 jellies
  A bullfrog zombie (D:7)
  2 hounds
  A gnoll shaman (D:8)
  10 orc wizards
  2 iguanas
  3 worker ants
  11 gnolls
  9 adders
  3 shadow imps
  2 oozes
  2 adder skeletons
  7 worms
  2 dart slugs (D:2)
  4 leopard geckos
  42 orcs
  6 bats
  4 giant cockroaches
  7 hobgoblins
  2 jackals (D:6)
  9 kobolds
  3 quokkas
  18 frilled lizards
  3 goblins
  A jackal skeleton (D:7)
  2 leopard gecko skeletons (D:4)
  A quokka skeleton (D:5)
  6 rats
198 creatures vanquished.

Notes
Turn   | Place    | Note
-------+----------+-------------------------------------------
     0 | D:1      | tilp the Tengu Ice Elementalist began the quest for the
                  | Orb.
     0 | D:1      | Reached XP level 1. HP: 10/10 MP: 4/4
   227 | D:1      | Reached skill level 4 in Ice Magic
   227 | D:1      | Reached XP level 2. HP: 15/15 MP: 4/6
   868 | D:2      | Reached XP level 3. HP: 19/19 MP: 7/7
   878 | D:2      | Learned a level 3 spell: Frozen Ramparts
  1284 | D:2      | Reached skill level 5 in Ice Magic
  1284 | D:2      | Reached XP level 4. HP: 24/24 MP: 3/8
  1845 | D:2      | Learned a level 3 spell: Ozocubu's Armour
  2528 | D:3      | Gained mutation: You can fly continuously. [Tengu growth]
  2528 | D:3      | Reached XP level 5. HP: 25/28 MP: 9/9
  2631 | D:3      | Found a glowing silver altar of Zin.
  2633 | D:3      | Noticed an angel
  2641 | D:3      | Found a shimmering altar of Xom.
  2676 | D:3      | Became a worshipper of Zin the Law-Giver
  3397 | D:3      | Reached * piety under Zin
  3599 | D:4      | Noticed an ogre
  3610 | D:4      | Killed an ogre
  3610 | D:4      | Reached skill level 6 in Ice Magic
  3610 | D:4      | Reached XP level 6. HP: 32/32 MP: 5/11
  4101 | D:4      | Reached skill level 1 in Invocations
  4531 | D:4      | Noticed a phantom
  4538 | D:4      | Reached XP level 7. HP: 36/36 MP: 12/14
  4896 | D:4      | Learned a level 4 spell: Summon Ice Beast
  4952 | D:5      | Entered Level 5 of the Dungeon
  4952 | D:5      | Found a staircase to the Ecumenical Temple.
  4955 | D:5      | Found a shimmering blue altar of Sif Muna.
  4959 | D:5      | Found a radiant altar of Vehumet.
  4962 | D:5      | Found a hide-covered altar of Uskayaw.
  4964 | D:5      | Found an ancient bone altar of Kikubaaqudgha.
  4965 | D:5      | Found an ornate altar of the Wu Jian Council.
  5310 | D:5      | Reached ** piety under Zin
  6103 | D:6      | Reached XP level 8. HP: 37/41 MP: 11/15
  6317 | D:6      | Reached skill level 7 in Ice Magic
  6710 | D:7      | Reached *** piety under Zin
  6982 | D:7      | Reached skill level 8 in Ice Magic
  6982 | D:7      | Reached skill level 1 in Charms
  7239 | D:7      | Reached skill level 1 in Fighting
  7386 | D:7      | Found a hazy altar of Hepliaklqana.
  7474 | D:7      | Reached XP level 9. HP: 48/48 MP: 6/16
  7785 | D:7      | Found a blossoming altar of Fedhas.
  8019 | D:8      | Found a runed translucent door.
  8019 | D:8      | Noticed Statics's ghost (novice OpFi)
  8117 | D:8      | Learned a level 4 spell: Hailstorm
  8260 | D:8      | Reached skill level 5 in Invocations
  8647 | D:8      | Reached skill level 1 in Conjurations
  8875 | D:8      | Found a snail-covered altar of Cheibriados.
  8906 | D:8      | Zin protects you from harm!
  9425 | D:9      | Noticed Erica
  9461 | D:9      | Killed Erica
  9461 | D:9      | Reached skill level 9 in Ice Magic
  9461 | D:9      | Reached XP level 10. HP: 17/53 MP: 1/17
  9979 | D:9      | Noticed Psyche
 10040 | D:9      | Reached skill level 10 in Ice Magic
 10040 | D:9      | Reached skill level 1 in Evocations
 10042 | D:9      | Reached **** piety under Zin
 10168 | D:9      | Noticed a moth of wrath
 10171 | D:9      | Found a bloodstained altar of Trog.
 10302 | D:10     | Entered Level 10 of the Dungeon
 10353 | D:10     | Noticed Maggie
 10438 | D:10     | Noticed a centaur warrior
 10453 | D:10     | Shot with an arrow by a centaur warrior

Illustrated notes

Levels and vault maps discovered:
D:1:      psy_arrival_heroes, layout_loops_ring
D:2:      layout_loops_ring
D:3:      layout_basic, grunt_temple_overflow_order_and_chaos_1,
          minmay_lizard_king
D:4:      layout_loops_corners
D:5:      layout_loops_ring, minitemple, temple_pool_b, first_ration,
          minmay_splitting_lines, nrook_uturn, kennysheep_pointless_box
D:6:      layout_rooms
D:7:      layout_cave_pools, kennysheep_little_box, lemuel_crystal_altar
D:8:      layout_loops_corners, cheibriados_altar_1,
          hellmonk_ghost_happy_afterlife
D:9:      layout_roguey, tgw_trog, uniq_erica, uniq_psyche
D:10:     layout_loops_ring, dpeg_oklobed_lair, gammafunk_ghost_mausoleum,
          david_nohive_1, kennysheep_generic_room_12, uniq_maggie

Skill      XL: |  1  2  3  4  5  6  7  8  9 10 |
---------------+-------------------------------+-----
Ice Magic      | 4 5 6 8 9 10 | 10.0
Spellcasting   | 3 4 |  4.0
Invocations    | 2 4 6 |  6.3
Charms         | 2 |  2.0
Fighting       | 2 |  2.0
Dodging        | 4 |  4.0
Stealth        | 4 |  4.0
Conjurations   | 2 |  2.0
Evocations     | 2 |  2.3

Action                   |  1- 3 |  4- 6 |  7- 9 | 10-12 || total
-------------------------+-------+-------+-------+-------++-------
Melee: Dagger            |    26 |    69 |    35 |       ||   130
       Peck              |     2 |    10 |    26 |     6 ||    44
       Kick              |     2 |    13 |    43 |     6 ||    64
       War axe           |       |       |   105 |    14 ||   119
Throw: Stone             |    14 |       |       |       ||    14
       Dart              |       |     7 |     6 |       ||    13
 Cast: Freeze            |    10 |    33 |    92 |       ||   135
       Frozen Ramparts   |     2 |     8 |    20 |     6 ||    36
       Summon Ice Beast  |       |       |     2 |     2 ||     4
Invok: Recite            |       |       |     6 |       ||     6
       Vitalisation      |       |       |     2 |       ||     2
 Abil: Fly               |       |     1 |       |       ||     1
Evoke: Wand              |       |       |       |     1 ||     1
  Use: Scroll            |     2 |     8 |     3 |     2 ||    15
 Stab: Sleeping          |     8 |     4 |     7 |     1 ||    20
       Confused          |       |       |     1 |       ||     1
       Invisible         |       |       |     1 |       ||     1
  Eat: Chunk             |     1 |    11 |     8 |     2 ||    22
       Ration            |       |       |     4 |       ||     4
Armor: Robe              |     5 |     9 |    47 |     2 ||    63
Dodge: Dodged            |    13 |    65 |   185 |    20 ||   283
